 Dungeon Crawl Stone Soup version 0.26.1-2-gb8aa6d0cf2 (webtiles) character file.

Game seed: 9048458697969319122

8333 FishyPogo the Martial Artist (level 11, -6/83 HPs)
             Began as a Gnoll Transmuter on Mar 2, 2021.
             Was an Elder of Vehumet.
             Splashed by a brown ugly thing's acid (10 damage)
             ... on level 11 of the Dungeon.
             The game lasted 00:40:44 (12914 turns).

FishyPogo the Martial Artist (Gnoll Transmuter)    Turns: 12914, Time: 00:40:44

Health: -6/83      AC:  1    Str: 12    XL:     11   Next: 29%
Magic:  23/23      EV: 21    Int: 24    God:    Vehumet [****..]
Gold:   638        SH:  0    Dex: 24    Spells: 8/26 levels left

rFire    . . .     SeeInvis .   X - +0 triple sword "Ziunisod" {holy, rF- Will+ Int+5 Dex+2} (curse)
rCold    . . .     Faith    .   (shield currently unavailable)
rNeg     . . .     Spirit   .   x - +1 ring mail {rF+}
rPois    .         Reflect  .   (helmet currently unavailable)
rElec    .         Harm     .   t - +1 cloak
rCorr    .         Rampage  .   (no gloves)
Will     +....                  (boots currently unavailable)
Stlth    +++.......             (no amulet)
HPRegen  0.23/turn              g - +4 ring of evasion
MPRegen  0.18/turn              r - +6 ring of dexterity

@: appendages, corroded
A: distributed training, fangs 1, horns 2, talons 2, strong nose
a: End Transformation, Renounce Religion


You were on level 11 of the Dungeon.
You worshipped Vehumet.
Vehumet was greatly pleased with you.
You had grown temporary horns.
You had grown temporary talons.
You visited 2 branches of the dungeon, and saw 12 of its levels.

You collected 855 gold pieces.
You spent 217 gold pieces at shops.

Inventory:

Hand Weapons
 a - a +3 dagger of electrocution
 b - a +4 scimitar of flaming
 W - a +2 vampiric short sword
 X - the cursed +0 triple sword "Ziunisod" (weapon) {holy, rF- Will+ Int+5 Dex+2}
   (You found it on level 8 of the Dungeon)

   It has been blessed by the Shining One to cause great damage to the undead
   and demons.
   It affects your intelligence (+5).
   It affects your dexterity (+2).
   It makes you vulnerable to fire.
   It affects your willpower, your defense against some magical effects.
   It has a curse placed upon it.
 Y - a +3 dagger of speed
Missiles
 f - 16 boomerangs
 j - 50 stones
 s - 3 javelins
 u - 32 poisoned darts
 J - 5 curare-tipped darts
Armour
 t - a +1 cloak (worn)
 x - a +1 ring mail of fire resistance (worn)
 H - a +0 pair of boots (melded)
 I - a +0 helmet (melded)
 K - a +1 buckler of positive energy
 N - a +0 chain mail of willpower
Magical Staves
 M - an uncursed staff of death
Jewellery
 g - a +4 ring of evasion (left hand)
 k - an uncursed ring of flight
 r - a +6 ring of dexterity (right hand)
 F - an uncursed ring of see invisible
 S - an uncursed ring of ice
 V - an uncursed ring of stealth
Wands
 l - a wand of flame (51)
 y - a wand of polymorph (9)
 P - a wand of iceblast (22)
 R - a wand of digging (10)
Scrolls
 d - a scroll of amnesia {unknown}
 h - 4 scrolls of magic mapping {unknown}
 i - 3 scrolls of teleportation {unknown}
 m - 5 scrolls of remove curse
 n - a scroll of identify
 o - 3 scrolls of enchant weapon {unknown}
 p - 2 scrolls of fear {unknown}
 w - 3 scrolls of torment {unknown}
 z - 2 scrolls of blinking {unknown}
 D - 2 scrolls of immolation {unknown}
 U - 2 scrolls of fog {unknown}
Potions
 c - 3 potions of invisibility
 e - a potion of lignification
 v - 4 potions of curing
 B - a potion of berserk rage
 C - 5 potions of haste
 E - 2 potions of magic
 G - a potion of attraction
 L - a potion of heal wounds
 Z - a potion of cancellation {unknown}


   Skills:
 + Level 6.7 Fighting
 + Level 6.1 Short Blades
 + Level 6.1 Long Blades
 + Level 6.1 Axes
 + Level 6.1 Maces & Flails
 + Level 6.1 Polearms
 + Level 6.1 Staves
 + Level 6.1 Slings
 + Level 6.1 Bows
 + Level 6.1 Crossbows
 + Level 6.1 Throwing
 + Level 6.1 Armour
 + Level 7.7 Dodging
 + Level 6.1 Stealth
 + Level 6.1 Shields
 + Level 9.1 Unarmed Combat
 + Level 8.0 Spellcasting
 + Level 5.1 Conjurations
 + Level 5.1 Hexes
 + Level 5.1 Summonings
 + Level 5.1 Necromancy
 + Level 5.1 Translocations
 + Level 6.4 Transmutations
 + Level 5.1 Fire Magic
 + Level 5.1 Ice Magic
 + Level 5.1 Air Magic
 + Level 5.1 Earth Magic
 + Level 5.1 Poison Magic
 + Level 6.7 Invocations
 + Level 6.1 Evocations


You had 8 spell levels left.
You knew the following spells:

 Your Spells              Type           Power        Failure   Level
a - Searing Ray           Conj           68%          1%          2
b - Stone Arrow           Conj/Erth      68%          1%          3
c - Shock                 Conj/Air       100%         1%          1
d - Fireball              Conj/Fire      17%          12%         5
s - Spider Form           Tmut/Pois      18%          3%          3
u - Wereblood             Tmut           40%          1%          2
y - Beastly Appendage     Tmut           80%          1%          1
z - Apportation           Tloc           68%          1%          1

Your spell library contained the following spells:

 Spells                   Type           Power        Failure   Level
 Animate Skeleton         Necr           68%          1%          1
 Corona                   Hex            37%          1%          1
 Pain                     Necr           100%         1%          1
 Summon Small Mammal      Summ           100%         1%          1
 Vampiric Draining        Necr           17%          4%          3
 Ice Form                 Ice/Tmut       37%          12%         4
 Animate Dead             Necr           17%          16%         4
 Blade Hands              Tmut           20%          26%         5
 Agony                    Necr           34%          41%         5


Dungeon Overview and Level Annotations

Branches:
Dungeon (11/15)            Temple (1/1) D:4            Lair (0/6) D:10
    Orc (0/2) D:10

Altars:
Ashenzari
Cheibriados
Dithmenos
Elyvilon
Fedhas
Gozag
Hepliaklqana
Kikubaaqudgha
Makhleb
Nemelex Xobeh
Okawaru
Qazlal
Ru
Sif Muna
Trog
Uskayaw
Vehumet
Wu Jian
Xom
Yredelemnul
Zin
The Shining One

Shops:
D:5 [   D:7 :   D:8 ?   D:9 *

Annotations:
D:7 2 exclusions
D:11 Urug


Innate Abilities, Weirdness & Mutations

Your experience applies equally to all skills.
You have very sharp teeth.
Your uncanny sense of smell can sniff out nearby items.
You have a pair of horns on your head.
You have razor-sharp toenails.


Message History

Unknown command.
You slash the brown ugly thing! Your kick misses the brown ugly thing.
You headbutt the brown ugly thing.
You bite the brown ugly thing, but do no damage.
The brown ugly thing is moderately wounded.
The brown ugly thing stings you! The acid corrodes you!
You are splashed with acid!
Unknown command.
You barely miss the brown ugly thing.
You claw the brown ugly thing, but do no damage.
Your headbutt misses the brown ugly thing.
The brown ugly thing is moderately wounded.
The brown ugly thing stings you.
* * * LOW HITPOINT WARNING * * *
The acid corrodes you!
You are splashed with acid.
* * * LOW HITPOINT WARNING * * *
The brown ugly thing stings you!
* * * LOW HITPOINT WARNING * * *
You are splashed with acid!
You die...

########## .........#
.........# ........#
........#####+#######
#....#..#..>......
#...@#..#.........
#...u#..#.........
#....#..#.........
#....##'#............
####......#####.....#
#...u..#...+.....#
#......'...#.....#
#......#.###.....#
#.......##.#.....#


You could see a brown ugly thing.

Vanquished Creatures
  A two-headed ogre (D:8)
  Pikel (D:9)
  A manticore (D:8)
  An efreet (D:10)
  A gargoyle (D:10)
  Prince Ribbit (D:7)
  Sigmund (D:2)
  3 yaks (D:9)
  Grum (D:10)
  2 water moccasins (D:10)
  2 black bears
  2 ice beasts (D:8)
  4 orc warriors
  A necrophage (D:5)
  5 sky beasts
  3 ogres
  A phantom (D:8)
  4 wolves (D:10)
  A centaur (D:7)
  A big kobold (D:6)
  6 bullfrogs
  5 scorpions
  9 killer bees
  10 wights
  An electric eel (D:9)
  2 howler monkeys
  A bullfrog zombie (D:8)
  4 bullfrog skeletons
  4 hounds
  Crazy Yiuf (D:2)
  2 jellies
  8 orc priests
  Terence (D:3)
  Natasha (thrice) (D:3)
  3 iguanas
  9 orc wizards
  3 worker ants
  Ijyb (D:3)
  A hound zombie (D:9)
  A hound skeleton (D:7)
  Robin (D:2)
  14 adders
  4 gnolls (D:10)
  2 shadow imps
  3 white imps
  2 ufetubi
  2 oozes (D:2)
  3 adder skeletons
  An adder zombie (D:7)
  A worm (D:2)
  A dart slug (D:1)
  3 leopard geckos
  47 orcs
  2 ball pythons (D:4)
  5 giant cockroaches
  18 hobgoblins
  12 jackals
  6 quokkas
  10 bats
  7 frilled lizards
  11 goblins
  A jackal skeleton (D:4)
  18 kobolds
  10 rats
296 creatures vanquished.

Vanquished Creatures (others)
  2 kobolds
  13 fungi (D:10)
  16 plants
31 creatures vanquished.

Grand Total: 327 creatures vanquished

Notes
Turn   | Place    | Note
-------+----------+-------------------------------------------
     0 | D:1      | FishyPogo the Gnoll Transmuter began the quest for the Orb.
     0 | D:1      | Reached XP level 1. HP: 17/17 MP: 6/6
   215 | D:1      | Reached XP level 2. HP: 17/23 MP: 5/7
  1279 | D:2      | Reached XP level 3. HP: 24/28 MP: 7/9
  1281 | D:2      | Reached skill level 5 in Spellcasting
  1289 | D:2      | Learned a level 2 spell: Wereblood
  1293 | D:2      | Learned a level 3 spell: Spider Form
  1394 | D:2      | Noticed Robin
  1399 | D:2      | Reached skill level 1 in Invocations
  1409 | D:2      | Reached skill level 1 in Short Blades
  1409 | D:2      | Reached skill level 1 in Long Blades
  1409 | D:2      | Reached skill level 1 in Axes
  1409 | D:2      | Reached skill level 1 in Maces & Flails
  1409 | D:2      | Reached skill level 1 in Polearms
  1409 | D:2      | Reached skill level 1 in Staves
  1409 | D:2      | Reached skill level 1 in Slings
  1409 | D:2      | Reached skill level 1 in Bows
  1409 | D:2      | Reached skill level 1 in Crossbows
  1409 | D:2      | Reached skill level 1 in Throwing
  1409 | D:2      | Reached skill level 1 in Armour
  1409 | D:2      | Reached skill level 1 in Stealth
  1409 | D:2      | Reached skill level 1 in Shields
  1409 | D:2      | Reached skill level 1 in Evocations
  1415 | D:2      | Reached XP level 4. HP: 34/34 MP: 11/11
  1417 | D:2      | Killed Robin
  1628 | D:2      | Reached skill level 1 in Conjurations
  1628 | D:2      | Reached skill level 1 in Hexes
  1628 | D:2      | Reached skill level 1 in Summonings
  1628 | D:2      | Reached skill level 1 in Necromancy
  1628 | D:2      | Reached skill level 1 in Translocations
  1628 | D:2      | Reached skill level 1 in Fire Magic
  1628 | D:2      | Reached skill level 1 in Ice Magic
  1628 | D:2      | Reached skill level 1 in Air Magic
  1628 | D:2      | Reached skill level 1 in Earth Magic
  1628 | D:2      | Reached skill level 1 in Poison Magic
  1639 | D:2      | Found a shadowy altar of Dithmenos.
  1642 | D:2      | Found a shimmering altar of Xom.
  1645 | D:2      | Found an iron altar of Okawaru.
  1892 | D:2      | Found a runed translucent door.
  1893 | D:2      | Noticed Crazy Yiuf
  1979 | D:2      | Noticed Sigmund
  1988 | D:2      | Killed Sigmund
  1989 | D:2      | Reached XP level 5. HP: 41/41 MP: 9/12
  1989 | D:2      | Reached XP level 6. HP: 47/47 MP: 10/14
  2263 | D:2      | Killed Crazy Yiuf
  2264 | D:2      | Reached skill level 5 in Dodging
  2592 | D:3      | Noticed Terence
  2640 | D:3      | Killed Terence
  2784 | D:3      | Noticed Ijyb
  2799 | D:3      | Killed Ijyb
  2802 | D:3      | Noticed Natasha
  2807 | D:3      | Reached XP level 7. HP: 40/52 MP: 13/15
  2812 | D:3      | Killed Natasha
  2815 | D:3      | Noticed Natasha
  2833 | D:3      | Killed Natasha
  3018 | D:3      | Reached skill level 7 in Unarmed Combat
  3072 | D:3      | Found a white marble altar of Elyvilon.
  3072 | D:3      | Found a glowing silver altar of Zin.
  3674 | D:3      | Noticed Natasha
  3682 | D:3      | Killed Natasha
  3757 | D:4      | Found a staircase to the Ecumenical Temple.
  3766 | Temple   | Entered the Ecumenical Temple
  3786 | Temple   | Became a worshipper of Vehumet
  4025 | D:4      | Found an opulent altar of Gozag.
  4512 | D:4      | Found an ornate altar of the Wu Jian Council.
  5098 | D:5      | Entered Level 5 of the Dungeon
  5224 | D:5      | Reached XP level 8. HP: 31/60 MP: 12/16
  5520 | D:5      | Found Nugomach's Antique Armour Emporium.
  5538 | D:5      | Bought a glowing buckler for 195 gold pieces
  6047 | D:6      | Reached * piety under Vehumet
  6047 | D:6      | Offered knowledge of Shock by Vehumet.
  6105 | D:6      | Learned a level 1 spell: Shock
  6784 | D:7      | Found Araronim's Book Shop.
  6845 | D:7      | Found an iron altar of Okawaru.
  7055 | D:7      | Learned a level 1 spell: Apportation
  7807 | D:7      | Noticed Prince Ribbit
  7829 | D:7      | Reached skill level 5 in Transmutations
  7829 | D:7      | Reached XP level 9. HP: 32/66 MP: 16/18
  7840 | D:7      | Killed Prince Ribbit
  8574 | D:7      | Found a snail-covered altar of Cheibriados.
  8735 | D:8      | Reached skill level 5 in Fighting
  8768 | D:8      | Noticed a two-headed ogre
  8789 | D:8      | Killed a two-headed ogre
  8790 | D:8      | Reached skill level 8 in Unarmed Combat
  8790 | D:8      | Reached skill level 5 in Invocations
  8810 | D:8      | Reached ** piety under Vehumet
  8825 | D:8      | Offered knowledge of Searing Ray by Vehumet.
  8830 | D:8      | Learned a level 2 spell: Searing Ray
  9048 | D:8      | Reached XP level 10. HP: 71/74 MP: 20/20
  9170 | D:8      | Reached skill level 5 in Short Blades
  9170 | D:8      | Reached skill level 5 in Long Blades
  9170 | D:8      | Reached skill level 5 in Axes
  9170 | D:8      | Reached skill level 5 in Maces & Flails
  9170 | D:8      | Reached skill level 5 in Polearms
  9170 | D:8      | Reached skill level 5 in Staves
  9170 | D:8      | Reached skill level 5 in Slings
  9170 | D:8      | Reached skill level 5 in Bows
  9170 | D:8      | Reached skill level 5 in Crossbows
  9170 | D:8      | Reached skill level 5 in Throwing
  9170 | D:8      | Reached skill level 5 in Armour
  9170 | D:8      | Reached skill level 5 in Stealth
  9170 | D:8      | Reached skill level 5 in Shields
  9170 | D:8      | Reached skill level 5 in Evocations
  9212 | D:8      | Got a brightly glowing triple sword
  9218 | D:8      | Identified the cursed +0 triple sword "Ziunisod" {holy, rF-
                  | Will+ Int+5 Dex+2} (You found it on level 8 of the Dungeon)
  9503 | D:8      | Offered knowledge of Stone Arrow by Vehumet.
  9508 | D:8      | Learned a level 3 spell: Stone Arrow
  9827 | D:8      | Found Kofol's Magic Scroll Boutique.
  9834 | D:8      | Bought a scroll of identify for 22 gold pieces
  9918 | D:8      | Reached *** piety under Vehumet
  9938 | D:8      | Noticed a manticore
  9945 | D:8      | Killed a manticore
 10512 | D:9      | Noticed Pikel
 10524 | D:9      | Killed Pikel
 10864 | D:9      | Found a stormy altar of Qazlal.
 11023 | D:9      | Found Meus's General Store.
 11054 | D:9      | Offered knowledge of Conjure Flame by Vehumet.
 11154 | D:9      | Found a blossoming altar of Fedhas.
 11156 | D:9      | Found an ancient bone altar of Kikubaaqudgha.
 11267 | D:10     | Entered Level 10 of the Dungeon
 11337 | D:10     | Reached **** piety under Vehumet
 11338 | D:10     | Reached XP level 11. HP: 70/83 MP: 22/22
 11354 | D:10     | Offered knowledge of Fireball by Vehumet.
 11363 | D:10     | Reached skill level 9 in Unarmed Combat
 11603 | D:10     | Learned a level 5 spell: Fireball
 11665 | D:10     | Noticed Grum
 11688 | D:10     | Killed Grum
 11690 | D:10     | Reached skill level 5 in Conjurations
 11690 | D:10     | Reached skill level 5 in Hexes
 11690 | D:10     | Reached skill level 5 in Summonings
 11690 | D:10     | Reached skill level 5 in Necromancy
 11690 | D:10     | Reached skill level 5 in Translocations
 11690 | D:10     | Reached skill level 5 in Fire Magic
 11690 | D:10     | Reached skill level 5 in Ice Magic
 11690 | D:10     | Reached skill level 5 in Air Magic
 11690 | D:10     | Reached skill level 5 in Earth Magic
 11690 | D:10     | Reached skill level 5 in Poison Magic
 12020 | D:10     | Found a staircase to the Orcish Mines.
 12325 | D:10     | Found a staircase to the Lair.
 12870 | D:11     | Noticed a brown ugly thing
 12871 | D:11     | Noticed Urug
 12914 | D:11     | HP: 4/83 [brown ugly thing (14)]
 12914 | D:11     | Splashed by a brown ugly thing's acid

Illustrated notes

Levels and vault maps discovered:
D:1:      doesnt_arrival_eight_statues, layout_basic, serial_glass,
          glass_columns_b, glass_columns_a
D:2:      layout_basic, grunt_temple_overflow_diamond, hex_tiny, uniq_sigmund,
          uniq_robin, uniq_crazy_yiuf_cottage
D:3:      minmay_razor_zed, layout_basic, nicolae_overflow_hidden_temple,
          amcnicky_mini_rare_corridor_liquid, uniq_ijyb, uniq_terence,
          uniq_natasha
D:4:      layout_loops_ring, grunt_gozag_breadcrumbs, nzn_wu_jian_contemplation,
          minmay_temple_entry_waves, nicolae_zen_rock_garden,
          minmay_tree_intersection
D:5:      layout_basic, serial_shops, shop
D:6:      layout_loops_ring
D:7:      cheibrodos_two_vegetables, layout_loops_ring, basic_altar,
          serial_shops, shop_statue, minmay_misc_feat_encased,
          hangedman_decor_diamond_cutter, okawaru_gym_becter,
          uniq_prince_ribbit1
D:8:      layout_basic, serial_shops, shop_fountains
D:9:      layout_big_octagon, grunt_temple_overflow_growth_and_decay,
          grunt_qazlal_sundering, serial_shops, shop, serial_column_ruins,
          column_ruins_columns_straight, column_ruins_open_tiny,
          column_ruins_columns_water, column_ruins_open_small,
          column_ruins_grid_1, column_ruins_columns_water, moated_statue,
          uniq_pikel
D:10:     layout_stronghold, due_lair_maze_entry_diamond, uniq_grum
D:11:     layout_gridville, uniq_urug
Temple:   minmay_temple_bridge_abc

Skill      XL: |  1  2  3  4  5  6  7  8  9 10 11 |
---------------+----------------------------------+-----
Spellcasting   | 5 6 7 8 |  8.0
Invocations    | 1 2 3 4 5 6 |  6.7
Short Blades   | 1 2 3 4 5 6 |  6.1
Long Blades    | 1 2 3 4 5 6 |  6.1
Axes           | 1 2 3 4 5 6 |  6.1
Maces & Flails | 1 2 3 4 5 6 |  6.1
Polearms       | 1 2 3 4 5 6 |  6.1
Staves         | 1 2 3 4 5 6 |  6.1
Slings         | 1 2 3 4 5 6 |  6.1
Bows           | 1 2 3 4 5 6 |  6.1
Crossbows      | 1 2 3 4 5 6 |  6.1
Throwing       | 1 2 3 4 5 6 |  6.1
Armour         | 1 2 3 4 5 6 |  6.1
Stealth        | 1 2 3 4 5 6 |  6.1
Shields        | 1 2 3 4 5 6 |  6.1
Evocations     | 1 2 3 4 5 6 |  6.1
Conjurations   | 1 2 3 4 5 |  5.1
Hexes          | 1 2 3 4 5 |  5.1
Summonings     | 1 2 3 4 5 |  5.1
Necromancy     | 1 2 3 4 5 |  5.1
Translocations | 1 2 3 4 5 |  5.1
Fire Magic     | 1 2 3 4 5 |  5.1
Ice Magic      | 1 2 3 4 5 |  5.1
Air Magic      | 1 2 3 4 5 |  5.1
Earth Magic    | 1 2 3 4 5 |  5.1
Poison Magic   | 1 2 3 4 5 |  5.1
Fighting       | 3 4 5 6 |  6.7
Transmutations | 4 5 6 |  6.4
Dodging        | 5 6 7 |  7.7
Unarmed Combat | 7 8 9 |  9.1

Action                   |  1- 3 |  4- 6 |  7- 9 | 10-12 || total
-------------------------+-------+-------+-------+-------++-------
Melee: Unarmed           |    73 |    38 |    33 |       ||   144
       Kick              |    11 |    18 |   100 |    78 ||   207
       Headbutt          |    10 |     9 |    55 |    42 ||   116
       Bite              |     4 |     8 |    46 |    43 ||   101
       Short sword       |       |    64 |   334 |       ||   398
       Punch             |       |       |     4 |       ||     4
       Dagger            |       |       |    20 |    30 ||    50
       Triple sword      |       |       |       |   178 ||   178
Throw: Boomerang         |       |       |     3 |     2 ||     5
 Cast: Beastly Appendage |    14 |    10 |    37 |    23 ||    84
       Wereblood         |     1 |     4 |     5 |     5 ||    15
       Spider Form       |       |     3 |     4 |       ||     7
       Apportation       |       |       |     8 |       ||     8
       Shock             |       |       |     3 |       ||     3
       Stone Arrow       |       |       |       |    12 ||    12
       Searing Ray       |       |       |       |     3 ||     3
 Abil: End Transformatio |       |     1 |     2 |       ||     3
Evoke: Wand              |       |       |     2 |       ||     2
  Use: Scroll            |       |       |     3 |     7 ||    10
       Potion            |       |       |       |     2 ||     2
 Stab: Sleeping          |     2 |     3 |    17 |     3 ||    25
       Confused          |       |       |     1 |       ||     1
Armor: Robe              |    11 |       |       |       ||    11
       Leather armour    |       |     6 |     8 |       ||    14
       Skin              |       |     2 |     1 |       ||     3
       Ring mail         |       |       |    30 |    57 ||    87
Dodge: Dodged            |    48 |    83 |   226 |   324 ||   681
Block: Buckler           |       |       |    42 |     8 ||    50
       Rpst.: Triple sword |       |       |       |    73 ||    73
